 Dungeon Crawl Stone Soup version 0.30-a0-279-g4b46babb21 (webtiles) character file.

Game seed: 11601467593690103155

947 plokij the Chopper (level 7, -1/94 HPs)
             Began as a Minotaur Berserker on Oct 16, 2022.
             Was a Believer of Trog.
             Slain by an ogre
             ... wielding a +0 giant club
              (21 damage)
             ... on level 5 of the Dungeon.
             The game lasted 00:48:17 (5107 turns).

plokij the Chopper (Minotaur Berserker)             Turns: 5107, Time: 00:48:17

Health: -1/94      AC: 18    Str: 23    XL:     7   Next: 89%
Magic:  6/6        EV:  7    Int:  4    God:    Trog [**....]
Gold:   187        SH:  0    Dex: 10    Spells: 6/6 levels left

rFire   . . .      SeeInvis +    a - +0 hand axe
rCold   . . .      Faith    .    (no shield)
rNeg    . . .      Spirit   .    I - +0 plate armour
rPois   .          Reflect  .    (helmet restricted)
rElec   .          Harm     .    c - +2 cloak
rCorr   .          Rampage  .    (no gloves)
Will    .....                    G - +1 pair of boots
Stlth   ..........               o - amulet of magic regeneration
HPRegen 0.35/turn                z - ring of see invisible
MPRegen 0.50/turn                R - ring of flight

@: berserking, flying, very quick
A: horns 2, retaliatory headbutt
a: Renounce Religion, Berserk, Trog's Hand


You were on level 5 of the Dungeon.
You worshipped Trog.
Trog was pleased with you.
You visited 1 branch of the dungeon, and saw 5 of its levels.

You collected 187 gold pieces.

Inventory:

Hand Weapons
 a - a +0 hand axe (weapon)
 k - a +0 sling
 v - a +0 club
 y - a +2 whip of freezing
 L - a +0 long sword
Missiles
 d - 4 large rocks
 g - 29 stones (quivered)
 r - 7 poisoned darts
Armour
 b - a +0 animal skin
 c - a +2 cloak (worn)
 f - a +0 robe
 h - a +0 ring mail
 i - a +0 ring mail
 j - a +0 scale mail
 u - a +2 robe of positive energy
 C - the +0 leather armour of Etexzuq {Rampage Int+2 Dex-4}
   (You found it on level 5 of the Dungeon)

   Int:       It affects your intelligence (+2).
   Dex:       It affects your dexterity (-4).
   Rampage:   It bestows one free step when moving towards enemies.
 G - a +1 pair of boots (worn)
 H - a +0 leather armour
 I - a +0 plate armour (worn)
 M - a +0 chain mail
 X - a +0 chain mail
 Z - a +0 leather armour
Jewellery
 o - an amulet of magic regeneration (around neck)
 z - a ring of see invisible (left hand)
 R - a ring of flight (right hand)
 U - a ring of fire
Wands
 s - a wand of paralysis (10)
Scrolls
 e - 3 scrolls of identify {unknown}
 p - a scroll of blinking {unknown}
 A - 5 scrolls of amnesia {unknown}
 B - a scroll of poison {unknown}
 E - 2 scrolls of fear {unknown}
 N - 2 scrolls of teleportation {unknown}
Potions
 l - a potion of invisibility
 m - 2 potions of flight {unknown}
 n - 2 potions of cancellation {unknown}
 q - 3 potions of degeneration {unknown}
 t - 2 potions of resistance {unknown}
 w - a potion of ambrosia {unknown}
 x - a potion of mutation {unknown}
 D - a potion of attraction {unknown}
 K - 2 potions of magic {unknown}
 Q - 3 potions of curing
 V - 2 potions of lignification {unknown}


   Skills:
 * Level 6.1 Fighting
 * Level 7.6 Axes
 + Level 6.8 Armour
 * Level 3.2 Dodging


You had 6 spell levels left.
You didn't know any spells.
Your spell library contained the following spells:

 Spells                   Type           Power      Damage    Failure   Level
 Ensorcelled Hibernation  Hex/Ice        0%         N/A       100%        2
 Passwall                 Tmut/Erth      0%         N/A       100%        2
 Frozen Ramparts          Ice            0%         1d1       100%        3
 Swiftness                Air            0%         N/A       100%        3
 Ice Form                 Ice/Tmut       0%         N/A       100%        4
 Summon Ice Beast         Ice/Summ       0%         N/A       100%        4


Dungeon Overview and Level Annotations

Branches:
Dungeon (6/15)             Temple (0/1) D:6

Altars:
Ashenzari
Wu Jian

Shops:
D:1 *   D:5 *=

Annotations:
D:5 Eustachio
D:6 Pikel


Innate Abilities, Weirdness & Mutations

You have a pair of horns on your head.
You reflexively headbutt those who attack you in melee.


Message History

Menkaure seems to speed up.
You see here 2 stones.
An ogre comes into view. It is wielding a +0 giant club.
An adder comes into view.
The ogre shouts!
The adder hisses angrily.
You slash Menkaure!
You headbutt Menkaure, but do no damage.
Menkaure is moderately damaged.
Menkaure hits you. Menkaure hits you!
You hit Menkaure.
Menkaure is heavily damaged.
Menkaure hits you.
You closely miss Menkaure.
Menkaure is heavily damaged.
Menkaure closely misses you.
You hit Menkaure but do no damage.
Menkaure is heavily damaged.
Menkaure hits you but does no damage.
A red film seems to cover your vision as you go berserk!
You feel yourself moving faster!
You feel mighty!
Menkaure calls on the powers of darkness!
Your body is wracked with pain!
The adder convulses!
The ogre convulses!
The adder barely misses you.
You slash Menkaure!
Menkaure is severely damaged.
You slash the adder!
You kill the adder!
Trog accepts your kill.
Menkaure calls on the powers of darkness!
The ogre convulses!
Your body is wracked with pain!
* * * LOW HITPOINT WARNING * * *
You slash Menkaure!
You destroy Menkaure!
Trog accepts your kill.
Trog appreciates your killing of a magic user.
You slash the ogre! You barely miss the ogre.
The ogre is almost dead.
The ogre hits you with a +0 giant club!!
You die...

#~~~##.#######
#~~~#......... ###
#~~~########## .. #~~~#
#. #...#
#.####..########
#.(............#
#..###########.# #†@####
#.#
......O.......#####.####
..####..#####...........
.... ###.###.###. ##$.#
....###.# #. #...
.........###.
...........###...#.
#..######.# #.###.. #.
#.#....


You could see an ogre.

Vanquished Creatures
  Grinder (D:5)
  Menkaure (D:5)
  Duvessa (D:5)
  A black bear (D:5)
  A necrophage (D:6)
  3 wights (D:6)
  Dowan (D:5)
  A hound (D:5)
  An iguana (D:6)
  7 adders
  A white imp (D:3)
  2 worms (D:3)
  A dart slug (D:1)
  2 orcs
  2 ball pythons (D:3)
  5 endoplasms
  5 giant cockroaches
  3 goblins (D:2)
  8 hobgoblins
  4 quokkas
  A bat (D:1)
  2 frilled lizards
  7 kobolds
  3 rats
64 creatures vanquished.

Notes
Turn   | Place    | Note
-------+----------+-------------------------------------------
     0 | D:1      | plokij the Minotaur Berserker began the quest for the Orb.
     0 | D:1      | Reached XP level 1. HP: 19/19 MP: 0/0
   552 | D:1      | Reached XP level 2. HP: 27/27 MP: 1/1
   652 | D:1      | Reached skill level 4 in Axes
   903 | D:1      | You fall into a shaft and drop 1 floor!
  1077 | D:1      | Found Ziulo's General Store.
  1459 | D:2      | Reached XP level 3. HP: 32/33 MP: 2/2
  2028 | D:2      | Reached ** piety under Trog
  3197 | D:3      | Reached XP level 4. HP: 40/40 MP: 3/3
  3290 | D:3      | Reached skill level 5 in Axes
  3751 | D:3      | You fall into a shaft and drop 2 floors!
  3751 | D:5      | Entered Level 5 of the Dungeon
  3784 | D:5      | Noticed Eustachio
  3821 | D:6      | Found an ornate altar of the Wu Jian Council.
  3955 | D:6      | Found a broken altar of Ashenzari.
  4031 | D:5      | Noticed Duvessa
  4031 | D:5      | Noticed Dowan
  4051 | D:6      | Found a staircase to the Ecumenical Temple.
  4073 | D:6      | Reached XP level 5. HP: 47/47 MP: 4/4
  4133 | D:6      | Reached skill level 5 in Fighting
  4133 | D:6      | Reached XP level 6. HP: 44/56 MP: 5/5
  4228 | D:6      | Reached skill level 6 in Axes
  4246 | D:6      | Reached skill level 5 in Armour
  4465 | D:6      | Noticed Pikel
  4494 | D:5      | Killed Duvessa
  4496 | D:5      | Killed Dowan
  4497 | D:5      | Reached XP level 7. HP: 61/61 MP: 6/6
  4626 | D:5      | Found Caenots's Assorted Antiques.
  4630 | D:5      | Found Luushe's Jewellery Shop.
  4964 | D:5      | Noticed Grinder
  4983 | D:5      | Killed Grinder
  4984 | D:5      | Reached skill level 7 in Axes
  5056 | D:5      | Identified the +0 leather armour of Etexzuq {Rampage Int+2
                  | Dex-4}
  5097 | D:5      | Noticed Menkaure
  5106 | D:5      | Killed Menkaure
  5107 | D:5      | Slain by an ogre

Illustrated notes

Levels and vault maps discovered:
D:1:      nagdon_arrival_double_spiral, layout_basic, serial_shops,
          nicolae_lakefront_shop, roderic_lattice_a, minivault_4
D:2:      layout_loops_ring, minmay_small_reverse_x
D:3:      layout_basic, serial_rivers, chequers_serial_rivers_room_a,
          chequers_serial_rivers_small_3, chequers_serial_rivers_large_a,
          chequers_serial_rivers_room_a, chequers_serial_rivers_micro_a,
          chequers_serial_rivers_marsh, amcnicky_mini_rare_corridor_liquid,
          roderic_serpentine_path
D:5:      layout_loops_ring, portal_sewer_entry_f, dk_noncrumbling_3,
          dk_vineyard_3, nicolae_wooded_promenade, uniq_grinder, uniq_duvessa,
          uniq_eustachio, uniq_menkaure
D:6:      layout_basic, amcnicky_altar_gilded, mainiacjoe_overflow_brackets,
          minmay_temple_entry_wispy, serial_shops, nicolae_shop_waterfront,
          dilly_guarded_unrand_morg, uniq_pikel

Skill      XL: |  1  2  3  4  5  6  7 |
---------------+----------------------+-----
Axes           | 4 5 6 7 |  7.6
Fighting       | 4 5 6 |  6.1
Armour         | 3 4 5 6 |  6.8
Dodging        | 3 |  3.2

Action                   |  1- 3 |  4- 6 |  7- 9 || total
-------------------------+-------+-------+-------++-------
Melee: Hand axe          |    63 |    67 |    34 ||   164
       Headbutt          |    10 |    11 |     8 ||    29
       Whip              |    18 |       |       ||    18
       Punch             |       |     1 |       ||     1
 Fire: Sling             |     2 |       |       ||     2
Throw: Stone             |     2 |       |       ||     2
Invok: Berserk           |     3 |     3 |     3 ||     9
Armor: Scale mail        |    21 |       |       ||    21
       Animal skin       |     1 |       |       ||     1
       Plate armour      |    15 |    50 |    14 ||    79
Dodge: Dodged            |    28 |    22 |     9 ||    59

Table legend: (Time is in decaauts)
 A = Elapsed time spent in this place.
 B = Non-inter-level travel time spent in this place.
 C = Inter-level travel time spent in this place.
 D = Time resting spent in this place.
 E = Time spent auto-exploring this place.
 F = Levels seen in this place.
 G = Mean time per level.
                   A        B        C        D        E       F      G
               +--------+--------+--------+--------+--------+-----+--------+
         Total |   5236 |   1663 |   3573 |    489 |     25 |   5 | 1047.2 |
       Dungeon |   5236 |   1663 |   3573 |    489 |     25 |   5 | 1047.2 |
               +--------+--------+--------+--------+--------+-----+--------+

Top non-repeatable levels by time:
     D:1: 1473 daAuts
     D:3: 1182 daAuts
     D:2: 1182 daAuts
     D:5: 784 daAuts
     D:6: 614 daAuts
